 Dungeon Crawl Stone Soup version 0.29-a0-555-g3b24f45cc1 (webtiles) character file.

Game seed: 12566229121374438441

33 testman the Chucker (level 3, -3/28 HPs)
             Began as a Meteoran Wanderer on June 7, 2022.
             Was a Follower of Uskayaw.
             Killed from afar by Sigmund (9 damage)
             ... with a puff of flame
             ... on level 3 of the Dungeon.
             The game lasted 00:08:16 (891 turns).

testman the Chucker (Meteoran Wanderer)              Turns: 891, Time: 00:08:16

Health: -3/28      AC:  3    Str:  9    XL:     3   Next: 70%
Magic:  8/8        EV: 12    Int: 19    God:    Uskayaw [*.....]
Gold:   103        SH:  0    Dex: 14    Spells: 1/7 levels left

rFire   . . .      SeeInvis .   a - +2 dagger
rCold   . . .      Faith    .   (no shield)
rNeg    . . .      Spirit   .   e - +0 robe
rPois   .          Reflect  .   (no helmet)
rElec   .          Harm     .   (no cloak)
rCorr   .          Rampage  .   c - +0 pair of gloves
Will    .....                   (no boots)
Stlth   +.........              (no amulet)
HPRegen 0.09/turn               (no ring)
MPRegen 0.11/turn               (no ring)

@: glowing
A: sense surroundings 1, otherworldly, glowing, explore regen
a: Renounce Religion, Stomp


You were on level 3 of the Dungeon.
You worshipped Uskayaw.
Uskayaw was noncommittal.
You visited 1 branch of the dungeon, and saw 3 of its levels.

You collected 103 gold pieces.

Inventory:

Hand Weapons
 a - a +2 dagger (weapon)
Missiles
 b - 3 curare-tipped darts
Armour
 c - a +0 pair of gloves (worn)
 e - a +0 robe (worn)
 l - a +0 pair of boots
Jewellery
 i - a ring of fire
Scrolls
 d - a scroll of teleportation
 j - a scroll of identify {unknown}
 k - 2 scrolls of brand weapon {unknown}
Potions
 f - a potion of haste {unknown}
 g - 2 potions of brilliance {unknown}
 h - a potion of curing {unknown}


   Skills:
 - Level 1.1 Fighting
 + Level 0.0 Short Blades
 - Level 6.0 Throwing
 - Level 1.2 Dodging
 + Level 2.8 Spellcasting
 + Level 2.7 Conjurations
 + Level 0.2 Hexes
 + Level 0.2 Translocations
 - Level 1.2 Evocations


You had one spell level left.
You knew the following spells:

 Your Spells              Type           Power      Damage    Failure   Level
a - Magic Dart            Conj           48%        1d5       4%          1
b - Dazzling Flash        Conj/Hex       16%        N/A       26%         3
c - Blink                 Tloc           6%         N/A       22%         2

Your spell library contained the following spells:

 Spells                   Type           Power      Damage    Failure   Level
 Lesser Beckoning         Tloc           3%         N/A       38%         3
 Manifold Assault         Tloc           3%         N/A       98%         5


Dungeon Overview and Level Annotations

Branches:
Dungeon (3/15)

Altars:
Uskayaw

Annotations:
D:3 Sigmund


Innate Abilities, Weirdness & Mutations

You passively map a small area around you.
You are easily found by Zot.
You glow in the dark.
You regain HP and MP as you explore.


Message History

You see here a ball python corpse.
Found a faded altar of an unknown god.
There is a faded altar of an unknown god here.
You cannot tell which god this altar belongs to.
Convert to them anyway?
Okay, then.
You cannot tell which god this altar belongs to.
Convert to them anyway?
Uskayaw accepts your prayer! Uskayaw welcomes you!
You can now stomp with the beat.
There is a dry fountain here.
There is a stone staircase leading down here.
You climb downwards.
There is a stone staircase leading up here.
HP restored.
Done exploring.
(D) Dungeon
Where to? (Enter - D:2 @ (x,y), ? - help)
You see here a staff of death.
There is a stone staircase leading down here.
You climb downwards.
Found 5 gold pieces.
There is a stone staircase leading up here.
You now have 103 gold pieces (gained 5).
Found a pair of boots.
Found a chain mail.
Sigmund the Dreaded comes into view.
He is wielding a +0 scythe and carrying a wand of flame (28).
Found an escape hatch in the ceiling.
Sigmund zaps a wand.
The puff of flame hits you!
Found a scroll labelled HOM MANOSTRYRHU.
Found a short glowing staff.
You see here a +0 pair of boots.
l - a +0 pair of boots Sigmund casts a spell at you.
The magic dart hits you.
Sigmund points at you and mumbles some strange words.
You resist with some effort.
Sigmund zaps a wand.
The puff of flame hits you!
* * * LOW HITPOINT WARNING * * *
Sigmund zaps a wand.
The puff of flame hits you!
You die...

,,
.......................#
............@#####.#....
,.............# #......
...........### #...@.. ,
#..........# ##.....
#..........# .....
#..........# .....
#..........# ...<.
#.###.#@.### #.#<.# ,
,,#.##.# , ,, #.# ,,
,,#.# , * #.# *, #.# ,
..# * * ##


You could see Sigmund.

Vanquished Creatures
  A dart slug (D:1)
  An orc (D:2)
  4 ball pythons
  3 bats
  An endoplasm (D:1)
  2 giant cockroaches
  2 goblins (D:1)
  3 hobgoblins
  2 jackals (D:1)
  2 quokkas (D:2)
  3 kobolds
  A rat (D:1)
25 creatures vanquished.

Vanquished Creatures (others)
  A fungus (D:1)
1 creature vanquished.

Grand Total: 26 creatures vanquished

Notes
Turn   | Place    | Note
-------+----------+-------------------------------------------
     0 | D:1      | testman the Meteoran Wanderer began the quest for the Orb.
     0 | D:1      | testman set off with the following items: a +2 dagger, 3
                  | curare-tipped darts, a +0 pair of gloves, a scroll of
                  | teleportation, a +0 robe; and the following spell
                  | memorised: Magic Dart; and the following spells available
                  | to memorise: Dazzling Flash
     0 | D:1      | Reached XP level 1. HP: 16/16 MP: 3/3
   186 | D:1      | Reached XP level 2. HP: 23/23 MP: 5/5
   322 | D:2      | Reached XP level 3. HP: 27/28 MP: 5/7
   326 | D:2      | Learned a level 3 spell: Dazzling Flash
   384 | D:2      | Learned a level 2 spell: Blink
   637 | D:1      | Found a faded altar of an unknown god.
   641 | D:1      | Prayed at the altar of an unknown god.
   641 | D:1      | Became a worshipper of Uskayaw the Reveller
   641 | D:1      | Reached * piety under Uskayaw
   874 | D:3      | Noticed Sigmund
   891 | D:3      | Killed from afar by Sigmund

Illustrated notes

Levels and vault maps discovered:
D:1:      arrival_zaba_pyramid, layout_loops_ring,
          shapermc_ecumenical_altar_acropolis
D:2:      layout_rooms
D:3:      layout_basic, serial_shops, nicolae_shop_waterfront, uniq_sigmund

Skill      XL: |  1  2 |
---------------+-------+-----
Spellcasting   | 2 |  2.8
Conjurations   | 2 |  2.7
Fighting       | |  1.1
Throwing       | |  6.0
Dodging        | |  1.2
Hexes          | |  0.2
Translocations | |  0.2
Evocations     | |  1.2

Action                   || total
-------------------------++-------
Melee: Dagger            ||    58
       Punch             ||     1
Throw: Dart              ||     1
 Cast: Magic Dart        ||    13
       Dazzling Flash    ||     1
Armor: Robe              ||    25
Dodge: Dodged            ||    38

Table legend: (Time is in decaauts)
 A = Elapsed time spent in this place.
 B = Non-inter-level travel time spent in this place.
 C = Inter-level travel time spent in this place.
 D = Time resting spent in this place.
 E = Time spent auto-exploring this place.
 F = Levels seen in this place.
 G = Mean time per level.
                   A        B        C        D        E       F      G
               +--------+--------+--------+--------+--------+-----+--------+
         Total |    891 |    821 |     70 |      0 |    478 |   3 |  297.0 |
       Dungeon |    891 |    821 |     70 |      0 |    478 |   3 |  297.0 |
               +--------+--------+--------+--------+--------+-----+--------+

Top non-repeatable levels by time:
     D:2: 503 daAuts
     D:1: 353 daAuts
     D:3: 33 daAuts
